 Dungeon Crawl Stone Soup version 0.30.0-19-g36f170ea60 (webtiles) character file.

Game seed: 9372703001496281538

912 PaiMei the Digger (level 8, -2/48 HPs)
             Began as a Gargoyle Earth Elementalist on May 30, 2023.
             Slain by Pikel
             ... wielding a +1 whip of flaming
              (9 damage)
             ... on level 4 of the Dungeon.
             The game lasted 00:15:35 (5695 turns).

PaiMei the Digger (Gargoyle Earth Elementalist)     Turns: 5695, Time: 00:15:36

Health: -2/48      AC:  8    Str: 13    XL:     8   Next: 9%
Magic:  6/14       EV: 12    Int: 17    God:
Gold:   224        SH:  0    Dex: 10    Spells: 15/16 levels left

rFire   . . .        j - +0 mace
rCold   . . .        (no shield)
rNeg    + . .        a - +0 robe
rPois   ∞            (no helmet)
rElec   +            (no cloak)
rCorr   .            (no gloves)
SInv    .            (no boots)
Will    .....        m - amulet of the acrobat
Stlth   ++           (no ring)
HPRegen 0.28/turn    (no ring)
MPRegen 0.14/turn

%: acrobat
@: no status effects
A: sickness immunity, AC +5, negative energy resistance 1, electricity
resistance, torment resistance 1, petrification resistance
a: no special abilities


You were on level 4 of the Dungeon.
You visited 1 branch of the dungeon, and saw 5 of its levels.
You also visited: Sewer.

You collected 224 gold pieces.

Inventory:

Hand Weapons
 e - a +0 short sword
 j - a +0 mace (weapon)
 w - a +0 shortbow
Missiles
 d - 11 stones
 g - 6 poisoned darts (quivered)
Armour
 a - a +0 robe (worn)
 y - a +0 ring mail
Jewellery
 m - an amulet of the acrobat (around neck)
Scrolls
 c - 5 scrolls of identify {unknown}
 f - 3 scrolls of fear {unknown}
 h - 3 scrolls of noise {unknown}
 i - 2 scrolls of amnesia {unknown}
 k - 3 scrolls of enchant armour {unknown}
 l - 2 scrolls of immolation {unknown}
 q - a scroll of teleportation {unknown}
 s - a scroll of butterflies {unknown}
 u - a scroll of fog {unknown}
 v - 2 scrolls of blinking {unknown}
Potions
 b - a potion of magic
 n - a potion of resistance {unknown}
 o - a potion of invisibility {unknown}
 p - 2 potions of brilliance {unknown}
 r - 3 potions of curing
 t - 2 potions of heal wounds {unknown}
 x - 2 potions of ambrosia {unknown}
 z - a potion of haste


   Skills:
 + Level 4.6 Fighting
 + Level 4.5 Armour
 - Level 1.7 Dodging
 - Level 2.3 Stealth
 + Level 4.5 Spellcasting
 - Level 1.0 Transmutations
 + Level 6.3 Earth Magic


You had 15 spell levels left.
You knew the following spells:

 Your Spells              Type           Power      Damage    Failure   Level
a - Sandblast             Erth           50%        2d12      1%          1

Your spell library contained the following spells:

 Spells                   Type           Power      Damage    Failure   Level
 Passwall                 Tmut/Erth      13%        N/A       4%          2
 Stone Arrow              Conj/Erth      28%        3d8       12%         3
 Petrify                  Tmut/Erth      16%        N/A       32%         4
 Dispel Undead            Necr           3%         3d7       83%         4
 Death Channel            Necr           1%         N/A       100%        6
 Cigotuvi's Dreadful Rot  Necr/Pois/Air  Unusable   N/A       N/A         2

Dungeon Overview and Level Annotations

Branches:
Dungeon (5/15)              Sewer (visited)
 Temple: D:4-7

Altars:
Trog

Shops:
D:5 :

Annotations:
D:3 3 runed translucent doors, fleet's ghost, amateur HOMo; hawla's ghost, amateur MeAE; knightboat's ghost, amateur FoHs
D:4 Pikel


Innate Abilities, Weirdness & Mutations

You are immune to sickness and miasma.
Your stone body is resilient. (AC +5)
You are immune to poison.
You resist negative energy. (rN+)
You are resistant to electric shocks. (rElec)
You are resistant to unholy torment.
You are immune to petrification.


Message History

Confirm with . or Enter, or press ? or * to list all spells.
Aiming: Sandblast (safe; 1% risk of failure)
Press: ? - help, Shift-Dir - straight line, f/p - Pikel
Aim: Pikel, wielding a +1 whip of flaming and wearing a +2 robe of willpower (heavily wounded, 79% to hit)
The blast of sand hits Pikel.
Pikel is heavily wounded.
Pikel drinks a potion.
Pikel is healed!
Casting: Sandblast (safe; 1% risk of failure)
Confirm with . or Enter, or press ? or * to list all spells.
Aiming: Sandblast (safe; 1% risk of failure)
Press: ? - help, Shift-Dir - straight line, f/p - Pikel
Aim: Pikel, wielding a +1 whip of flaming and wearing a +2 robe of willpower (moderately wounded, 79% to hit)
The blast of sand hits Pikel but does no damage.
Pikel is moderately wounded.
Pikel hits you with a +1 whip of flaming.
* * * LOW HITPOINT WARNING * * *
Pikel burns you.
* * * LOW HITPOINT WARNING * * *
Pikel misses you.
Casting: Sandblast (safe; 1% risk of failure)
Confirm with . or Enter, or press ? or * to list all spells.
Aiming: Sandblast (safe; 1% risk of failure)
Press: ? - help, Shift-Dir - straight line, f/p - Pikel
Aim: Pikel, wielding a +1 whip of flaming and wearing a +2 robe of willpower (moderately wounded, 79% to hit)
The blast of sand hits Pikel but does no damage.
Pikel is moderately wounded.
Pikel closely misses you.
Casting: Sandblast (safe; 1% risk of failure)
Confirm with . or Enter, or press ? or * to list all spells.
Aiming: Sandblast (safe; 1% risk of failure)
Press: ? - help, Shift-Dir - straight line, f/p - Pikel
Aim: Pikel, wielding a +1 whip of flaming and wearing a +2 robe of willpower (moderately wounded, 79% to hit)
The blast of sand hits Pikel but does no damage.
Pikel is moderately wounded.
Pikel hits you with a +1 whip of flaming.
* * * LOW HITPOINT WARNING * * *
Pikel burns you.
* * * LOW HITPOINT WARNING * * *
Pikel hits you with a +1 whip of flaming!
You die...

#........##.#..# #=#
###.#...###.#..###.#
#.........#......#
####.#######.##### #.#
#.# ##+## #.#######
##...## #.......# #
##.....## ##.#####.#
###.......###...@###.#
##.........##.#.K..#.#
.'.........'.......#.#
##.........###.......#
###.......## ###....##
# ##.....## ###..# #
##...## ##.# # ##'##
#.# #.# #.#


You could see Pikel.

Vanquished Creatures
  2 black bears
  2 bullfrogs (Sewer)
  A scorpion (D:5)
  4 hounds
  20 adders
  10 river rats (Sewer)
  A shadow imp (D:5)
  3 dart slugs
  5 orcs
  13 endoplasms
  6 giant cockroaches
  6 goblins
  7 hobgoblins
  5 jackals
  12 quokkas
  18 ball pythons
  2 bats (D:1)
  6 frilled lizards
  9 kobolds
  31 rats
163 creatures vanquished.

Notes
Turn   | Place    | Note
-------+----------+-------------------------------------------
     0 | D:1      | PaiMei the Gargoyle Earth Elementalist began the quest for
                  | the Orb.
     0 | D:1      | Reached XP level 1. HP: 10/10 MP: 3/3
   126 | D:1      | Reached skill level 1 in Transmutations
   126 | D:1      | Reached XP level 2. HP: 5/15 MP: 0/5
   543 | D:1      | Reached XP level 3. HP: 13/20 MP: 6/6
   576 | D:1      | Reached skill level 1 in Fighting
   608 | D:1      | Reached skill level 4 in Earth Magic
   908 | D:1      | Reached skill level 1 in Armour
  1157 | D:2      | Reached XP level 4. HP: 23/25 MP: 7/7
  1820 | D:3      | Found a runed translucent gate.
  1821 | D:3      | Found a runed translucent gate.
  1822 | D:3      | Found a runed translucent gate.
  1823 | D:3      | Noticed fleet's ghost (amateur HOMo)
  1823 | D:3      | Noticed hawla's ghost (amateur MeAE)
  1824 | D:3      | Noticed knightboat's ghost (amateur FoHs)
  2067 | D:3      | Reached XP level 5. HP: 24/30 MP: 9/9
  2819 | D:4      | Found a bloodstained altar of Trog.
  2823 | D:4      | Noticed a black bear
  2830 | D:4      | Killed a black bear
  2831 | D:4      | Reached skill level 5 in Earth Magic
  2831 | D:4      | Reached XP level 6. HP: 29/36 MP: 4/10
  2910 | D:4      | Found a glowing drain.
  2966 | Sewer    | Entered a sewer
  3596 | Sewer    | Reached XP level 7. HP: 32/41 MP: 12/12
  5046 | D:5      | Entered Level 5 of the Dungeon
  5158 | D:5      | Noticed a walking divine tome
  5173 | D:5      | Reached skill level 6 in Earth Magic
  5236 | D:5      | Found Dykkiup's Book Shop.
  5238 | D:5      | Noticed a walking frostbound tome
  5652 | D:5      | Reached XP level 8. HP: 48/48 MP: 11/14
  5674 | D:5      | Noticed Pikel
  5695 | D:4      | Slain by Pikel

Illustrated notes

Levels and vault maps discovered:
D:1:      lemuel_arrival_rhombus, layout_rooms, hangedman_decor_lopped,
          minmay_pentomino_r4
D:2:      layout_rooms, nrook_uturn
D:3:      layout_loops_ring, gammafunk_ghost_cemetery
D:4:      layout_loops_corners, mainiacjoe_overflow_alcove_1,
          portal_sewer_entry_f, chequers_avenue, kennysheep_cross_room
D:5:      layout_rooms, serial_shops, nicolae_shop_mannequins, uniq_pikel

Skill      XL: |  1  2  3  4  5  6  7 |
---------------+----------------------+-----
Transmutations | 1 |  1.0
Fighting       | 1 2 3 4 |  4.6
Earth Magic    | 4 5 6 |  6.3
Armour         | 1 2 3 4 |  4.5
Spellcasting   | 3 4 |  4.5
Dodging        | |  1.7
Stealth        | |  2.3

Action                     |  1- 3 |  4- 6 |  7- 9 || total
---------------------------+-------+-------+-------++-------
  Melee: Short sword       |   113 |       |       ||   113
         Dagger            |     1 |       |       ||     1
         Punch             |     1 |     2 |       ||     3
         Mace              |    73 |   298 |   145 ||   516
   Cast: Sandblast         |    12 |    43 |    26 ||    81
   Stab: Sleeping          |     1 |     3 |     1 ||     5
 Armour: Robe              |    83 |   160 |   103 ||   346
  Dodge: Dodged            |   176 |   349 |   183 ||   708
